 Dungeon Crawl Stone Soup version 0.30-a0-1163-gf69bf04e7a (webtiles) character file.

Game seed: 1456601360451309693

4 Esekla the Sneak (level 1, -5/16 HPs)
             Began as an Octopode Delver on Apr 29, 2023.
             Killed from afar by a white imp (10 damage)
             ... with a puff of frost
             ... on level 5 of the Dungeon.
             The game lasted 00:01:31 (68 turns).

Esekla the Sneak (Octopode Delver)                    Turns: 68, Time: 00:01:32

Health: -5/16      AC:  1    Str: 11    XL:     1   Next: 60%
Magic:  1/1        EV: 13    Int: 12    God:
Gold:   5          SH:  0    Dex: 13    Spells: 0/0 levels left

rFire   . . .        a - +0 falchion
rCold   . . .        (no shield)
rNeg    . . .        (helmet restricted)
rPois   .            (no amulet)
rElec   .            (no ring)
rCorr   .            (no ring)
SInv    .            (no ring)
Will    .....        (no ring)
Stlth   ++++         (no ring)
HPRegen 0.22/turn    (no ring)
MPRegen 0.07/turn    (no ring)
                     (no ring)

%: no passive effects
@: hasted, very quick
A: almost no armour, amphibious, 8 rings, camouflage 1, gelatinous body 1,
(nimble swimmer 1), tentacles
a: no special abilities


You were on level 5 of the Dungeon.
You visited 1 branch of the dungeon, and saw 1 of its levels.

You collected 5 gold pieces.

Inventory:

Hand Weapons
 a - a +0 falchion (weapon)
 c - a +0 dagger
Wands
 f - a wand of digging (3)
Scrolls
 b - a scroll of fog


   Skills:
 * Level 3.0 Fighting
 * Level 2.0 Long Blades
 * Level 2.0 Dodging
 + Level 6.7 Stealth
 * Level 0.1 Spellcasting


You couldn't memorise any spells.
You didn't know any spells.
Your spell library contained the following spells:

 Spells                   Type           Power      Damage    Failure   Level
 Slow                     Hex            0%         N/A       32%         1
 Vampiric Draining        Necr           0%         2d6       67%         3
 Confusing Touch          Hex            0%         N/A       69%         3


Dungeon Overview and Level Annotations

Branches:
Dungeon (5/15)
 Temple: D:4-7

Altars:


Innate Abilities, Weirdness & Mutations

You cannot wear most types of armour.
You are amphibious.
You can wear up to eight rings at the same time.
Your skin changes colour to match your surroundings (Stealth+).
Your rubbery body absorbs attacks. (AC +1, EV +1)
((You are camouflaged when in or above water. (Stealth+)))
You have tentacles for arms and can constrict up to eight enemies at once.


Message History

The orc closely misses you.
You hit the orc but do no damage.
The orc is lightly wounded.
You constrict the orc. The orc closely misses you.
You hit the orc but do no damage. Your squeeze misses the orc.
The orc is heavily wounded.
You constrict the orc. The orc barely misses you.
You barely miss the orc.
The orc is almost dead.
You constrict the orc.
You kill the orc!
As you read the scroll of fear, it crumbles to dust.
You assume a fearsome visage.
The scorpion looks frightened!
A white imp comes into view. x2
Things that are here:
a +0 falchion; a +0 leather armour; an orc corpse
Things that are here:
a +0 falchion; a +0 leather armour; an orc corpse
Things that are here:
a +0 falchion; a +0 leather armour; an orc corpse An orc priest comes into view.
It is wielding a +0 club.
The orc priest moves out of view.
You start resting.
A scorpion is nearby!
Okay, then.
Okay, then.
You feel yourself speed up.
The white imp shouts, "Fly, thou jarring fat-kidneyed death-token!"
You see here a book of Debilitation.
You pick up a book of Debilitation and begin reading...
You add the spells Slow, Vampiric Draining and Confusing Touch to your library.
The white imp laughs crazily.
The white imp gestures at you. The puff of frost hits you.
* * * LOW HITPOINT WARNING * * *
The white imp shouts, "Escape, thou errant miscreant hedge-pig!"
The white imp gestures at you. The puff of frost hits you!
Ouch! That really hurt!
You die...

#..........#.,,*,,,,,,,,,,,,,
#............*,,,*,,,*,**,,,,
#...<....5..#**,***,,,,**,,,,
##..>........,***,,,*,,*,,,**
#...........######*.,,,,,*,**
#............#...#..**,***,**
#..................#**,,**,,*
#..................# *,,,,*,,
#..........#@......#***,,,,,,
##...[.....#........,,***,,,,
#......##s##...##.#*,* ***,,
##..#####..#....#.#*,*** ***
##.# #..##.....,,,,,* ***
#)## ##5#*...#.#,**,***,,
#..#####.##...#,.,,,,,,,,*
##............#,**,,**,***
##...........#.,,,,,,,,,,


You could see a white imp.

Vanquished Creatures
  2 orcs (D:5)
2 creatures vanquished.

Notes
Turn   | Place    | Note
-------+----------+-------------------------------------------
     0 | D:5      | Esekla the Octopode Delver began the quest for the Orb.
     0 | D:5      | Reached XP level 1. HP: 16/16 MP: 1/1
    25 | D:5      | Noticed a scorpion
    38 | D:5      | Noticed an orc priest
    68 | D:5      | Killed from afar by a white imp

Illustrated notes

Levels and vault maps discovered:
D:5:      layout_rooms, serial_shops, nicolae_shop_industrial_runoff,
          grunt_ministairs_11, minmay_between

Action                     || total
---------------------------++-------
  Melee: Falchion          ||     9
         Constrict         ||     2
    Use: Scroll            ||     2
         Potion            ||     1
  Dodge: Dodged            ||     6

Table legend: (Time is in decaauts)
 A = Elapsed time spent in this place.
 B = Non-inter-level travel time spent in this place.
 C = Inter-level travel time spent in this place.
 D = Time resting spent in this place.
 E = Time spent auto-exploring this place.
 F = Levels seen in this place.
 G = Mean time per level.
                   A        B        C        D        E       F      G
               +--------+--------+--------+--------+--------+-----+--------+
         Total |     64 |     64 |      0 |      6 |      0 |   1 |   64.0 |
       Dungeon |     64 |     64 |      0 |      6 |      0 |   1 |   64.0 |
               +--------+--------+--------+--------+--------+-----+--------+

Top non-repeatable levels by time:
     D:5: 64 daAuts
